AoeStats
← RyanKW90

Arena

509911330Analyzed
1v1 RM · 5d ago on Sep 28, 2026· 39m 46s· 2 players
Game mode
Random Map
Map size
Tiny (2 player)
Population
200
Speed
Normal
Resources
Standard
Victory
Conquest
Starting age
Dark Age
Ending age
Imperial Age
RankedLock teamsTeams togetherTeam positionsShared explorationLock speedFull tech treeHidden civsTurbo modeCheats
Victory
Defeat
🇫🇷 Burgundians · France
940
+14
🇬🇧 Danes · United Kingdom
895
-14
RyanKW90
10:34 Feudal Age
14:42 Castle Age
13:07 Double-Bit Axe
18:58 Stone Mining
19:24 Pikeman
27:48 Arson
28:33 Horse Collar
35:47 Imperial Age
34:26 Wheelbarrow
34:05 Forging
34:14 Fletching
34:37 Scale Barding Armor
34:58 Elite Skirmisher
35:55 Husbandry
36:06 Bloodlines
37:33 Bodkin Arrow
37:59 Chain Barding Armor
37:40 Scale Mail Armor
Triton
10:06 Feudal Age
10:17 Double-Bit Axe
14:04 Horse Collar
16:56 Castle Age
16:36 Bow Saw
16:28 Heavy Plow
17:37 Scale Mail Armor
18:50 Stone Mining
18:51 Gold Mining
26:00 Fletching
28:57 Gold Shaft Mining
30:10 Crop Rotation
31:10 Forging
35:48 Imperial Age
33:56 Iron Casting
33:49 Scale Barding Armor
35:41 Loom
36:42 Chain Barding Armor
37:34 Blast Furnace
37:40 Chemistry
37:20 Burgundian Vineyards
37:23 Husbandry
36:48 Light Cavalry
38:05 Plate Barding Armor
38:35 Stone Shaft Mining
39:30 Hussar
Connection lost

Rejoining the realm…

Still unreachable

The connection could not be restored.

Session expired

The server has moved on; the page needs a fresh start.